[Event "Early Titled Tuesday Blitz | February 8 2022"]
[White "Kiseleva, Arina"]
[Black "Kostiukov, Alexandr"]
[WhiteFideId "4164989"]
[BlackFideId "14108100"]
[WhiteElo "1866"]
[BlackElo "2202"]
[Result "0-1"]
[Round "09"]
[TimeControl "180+1"]
[Date "2022.02.08"]
[WhiteClock "0:00:25"]
[BlackClock "0:02:03"]

1. d4 g6 2. c3 Bg7 3. Nf3 d6 4. Bf4 Nc6 5. h3 e5 6. dxe5 Nxe5 7. Nxe5 dxe5 8. Qxd8+ Kxd8 9. Bg5+ f6 10. Be3 Be6 11. Na3 c6 12. O-O-O+ Kc7 13. Kb1 b6 14. g4 Bh6 15. Bxh6 Nxh6 16. e3 Nf7 17. Bc4 Bxc4 18. Nxc4 h5 19. f3 Rad8 20. Kc2 Rxd1 21. Rxd1 b5 22. Nd2 hxg4 23. hxg4 Rh2 24. Kd3 Ng5 25. Rf1 Kd6 26. b3 f5 27. gxf5 gxf5 28. Rg1 Rxd2+ 29. Kxd2 Nxf3+ 30. Ke2 Nxg1+ 31. Kf2 Nh3+ 32. Kg3 Ng5 33. Kh4 Ne4 0-1


[Site "https://www.chess.com"]

[Event "Early Titled Tuesday Blitz | February 8 2022"]
[White "Komissarov, Alexey"]
[Black "Yonal, Timur"]
[WhiteFideId "4176545"]
[BlackFideId "44115725"]
[WhiteElo "2216"]
[BlackElo "1762"]
[Result "1-0"]
[Round "09"]
[TimeControl "180+1"]
[Date "2022.02.08"]
[WhiteClock "0:01:15"]
[BlackClock "0:00:02"]

1. e4 c5 2. a3 Nc6 3. b4 d5 4. b5 Nd4 5. exd5 Qxd5 6. Nc3 Qe5+ 7. Nge2 Bf5 8. Ra2 Nf6 9. d3 Be6 10. Bf4 Qf5 11. Rb2 Nh5 12. Be3 Nxe2 13. Bxe2 g6 14. O-O Bg7 15. Bd2 Nf4 16. Bf3 1-0


[Site "https://www.chess.com"]

[Event "Early Titled Tuesday Blitz | February 8 2022"]
[White "Kopylov, Alexander A."]
[Black "Praggnanandhaa R"]
[WhiteFideId "4164857"]
[BlackFideId "25059530"]
[WhiteElo "2436"]
[BlackElo "2599"]
[Result "1-0"]
[Round "09"]
[TimeControl "180+1"]
[Date "2022.02.08"]
[WhiteClock "0:00:15"]
[BlackClock "0:00:06"]

1. e4 c5 2. Nf3 e6 3. g3 Nc6 4. Bg2 g5 5. h3 Bg7 6. O-O h6 7. c3 Nge7 8. d4 cxd4 9. Nxd4 d6 10. Nb5 d5 11. exd5 exd5 12. c4 d4 13. c5 O-O 14. Nd6 Be6 15. Nxb7 Qc7 16. Nd6 Rad8 17. Nd2 a5 18. a3 d3 19. N2e4 f5 20. Nc3 Nd4 21. Qxd3 Qxc5 22. Nb7 Qc7 23. Nxd8 Rxd8 24. Rd1 Bc4 25. Qe3 f4 26. gxf4 gxf4 27. Qe4 Ne2+ 28. Kh1 Rxd1+ 29. Nxd1 Bb5 30. Nc3 Bxc3 31. bxc3 Kf8 32. c4 Bxc4 33. Bb2 Qb6 34. Rb1 Qxf2 35. Qxc4 f3 36. Bg7+ Kxg7 37. Qg4+ Kf6 38. Qxf3+ Qxf3 39. Bxf3 Nd4 40. Be4 Ke5 41. Bg2 Kf4 42. Rb7 Nef5 43. Ra7 Kg3 44. Rxa5 Ne3 45. Ra8 Ne2 46. Rg8+ Kf2 47. Rf8+ Ke1 48. Rf3 Nc4 49. a4 Kd2 50. Bf1 Nd4 51. Rf4 Ke3 52. Rh4 Nd2 53. Bg2 Ne2 54. Rxh6 Kf2 55. Rf6+ Kg3 56. Rg6+ Kf2 57. a5 Ng3+ 58. Rxg3 Kxg3 59. a6 Nc4 60. a7 Nb6 61. Kg1 Kf4 62. Kh2 Ke5 63. Kg3 Kd6 64. h4 Ke7 65. Kg4 Kf6 66. h5 Kg7 67. Kg5 Kh7 68. Be4+ Kh8 69. Kf6 Kg8 70. Ke6 Kg7 71. Bb7 Kh6 72. Kd6 Kxh5 73. Kc6 Kg5 74. Kxb6 Kf6 75. a8=Q Ke5 76. Qd8 Kf5 77. Kc5 Kg6 78. Kd5 1-0


[Site "https://www.chess.com"]

[Event "Early Titled Tuesday Blitz | February 8 2022"]
[White "Kornyukov, Alexey"]
[Black "Iljushina, Olga"]
[WhiteFideId "4150457"]
[BlackFideId "4152280"]
[WhiteElo "2303"]
[BlackElo "1937"]
[Result "0-1"]
[Round "09"]
[TimeControl "180+1"]
[Date "2022.02.08"]
[WhiteClock "0:01:22"]
[BlackClock "0:01:24"]

1. e4 c5 2. c3 Nf6 3. e5 Nd5 4. d4 cxd4 5. cxd4 d6 6. Nf3 dxe5 7. dxe5 e6 8. Bc4 Bb4+ 9. Bd2 Nc6 10. Bxb4 Ndxb4 11. Qxd8+ Nxd8 12. Na3 O-O 13. O-O Ndc6 14. Nb5 a6 15. Nd6 b5 16. Be2 Rd8 17. a3 Nd5 18. Nxc8 Raxc8 19. Rac1 Na5 20. b4 Nc4 21. Bxc4 bxc4 22. Nd4 c3 23. Rfd1 Rc4 24. b5 axb5 25. Nxb5 Ra8 26. Rd3 h6 27. Nxc3 Rxa3 28. Rxd5 exd5 29. Ne2 Rxc1+ 30. Nxc1 Ra1 0-1


[Site "https://www.chess.com"]

[Event "Early Titled Tuesday Blitz | February 8 2022"]
[White "Kosakowski, Jakub"]
[Black "Volkov, Maksim"]
[WhiteFideId "1185080"]
[BlackFideId "54123070"]
[WhiteElo "2476"]
[BlackElo "2081"]
[Result "1-0"]
[Round "09"]
[TimeControl "180+1"]
[Date "2022.02.08"]
[WhiteClock "0:00:06"]
[BlackClock "0:00:10"]

1. e4 c5 2. Nf3 e6 3. d4 cxd4 4. Nxd4 Nc6 5. Nc3 Qc7 6. Be3 a6 7. Qf3 Nf6 8. O-O-O b5 9. e5 Bb7 10. exf6 Nxd4 11. Qg4 Nf5 12. Bf4 Qb6 13. Bd3 g6 14. Rhe1 h5 15. Qe2 Rc8 16. Ne4 Qa5 17. Kb1 Bd5 18. b3 Qb6 19. Ng5 Bb7 20. Bxf5 gxf5 21. Nxf7 Kxf7 22. Rxd7+ Kg6 23. Qd3 h4 24. g4 Qxf2 25. gxf5+ exf5 26. Rf1 Qb6 27. Be3 Be4 28. Bxb6 Bxd3 29. Rxd3 Bc5 30. Ba5 b4 31. Rd5 f4 32. Rxf4 Rhf8 33. Bxb4 Bxb4 34. Rxb4 Rxf6 35. Rd2 Kg5 36. Rg2+ Kh5 37. Ra4 Kh6 38. Ra5 h3 39. Rg3 Rf2 40. Rxh3+ Kg6 41. Rxa6+ Kf7 42. Ra7+ Kg8 43. Rg3+ Kh8 44. Rh3+ Kg8 45. Rg3+ Kh8 46. Ra4 Rxh2 47. Rag4 Rcxc2 48. Rh4+ Rxh4 49. Kxc2 Rh2+ 50. Kb1 Rh1+ 51. Kb2 Rh2+ 52. Ka3 Rg2 53. Rxg2 1-0


[Site "https://www.chess.com"]

[Event "Early Titled Tuesday Blitz | February 8 2022"]
[White "Kosteniuk, Alexandra"]
[Black "Navara, David"]
[WhiteFideId "4128125"]
[BlackFideId "309095"]
[WhiteElo "2469"]
[BlackElo "2686"]
[Result "0-1"]
[Round "09"]
[TimeControl "180+1"]
[Date "2022.02.08"]
[WhiteClock "0:00:04"]
[BlackClock "0:00:14"]

1. e4 c5 2. Nf3 d6 3. Bb5+ Nd7 4. Ba4 Nf6 5. O-O e6 6. Re1 a6 7. c4 Be7 8. Nc3 O-O 9. d4 cxd4 10. Nxd4 Qc7 11. Qe2 Ne5 12. Bb3 b6 13. f4 Ned7 14. Be3 Bb7 15. Bf2 Rfd8 16. Rac1 Rac8 17. a3 Bf8 18. e5 dxe5 19. fxe5 Nxe5 20. Qxe5 Qxe5 21. Rxe5 Ng4 22. Nxe6 fxe6 23. Rxe6 Nxf2 24. Kxf2 Bc5+ 25. Ke2 Re8 26. Rxe8+ Rxe8+ 27. Kd3 Bxg2 28. Ba2 Re3+ 29. Kc2 Rh3 30. b4 Bd4 31. c5+ Kf8 32. Ne2 Be3 33. Rd1 bxc5 34. bxc5 Be4+ 35. Kb2 Bxc5 36. Nc3 Rxh2+ 37. Ka1 Rh1 38. Rxh1 Bxh1 39. Kb2 Bd4 40. Kb3 h5 41. Kc4 Bxc3 42. Kxc3 h4 43. Kb4 h3 0-1


[Site "https://www.chess.com"]

[Event "Early Titled Tuesday Blitz | February 8 2022"]
[White "Kouskoutis, Georgios-Alexandros"]
[Black "Rodchenkov, Sergey D."]
[WhiteFideId "4234049"]
[BlackFideId "4168712"]
[WhiteElo "2130"]
[BlackElo "2306"]
[Result "1-0"]
[Round "09"]
[TimeControl "180+1"]
[Date "2022.02.08"]
[WhiteClock "0:00:12"]
[BlackClock "0:00:16"]

1. c4 e5 2. g3 Nf6 3. Bg2 c6 4. Nf3 e4 5. Nd4 Qb6 6. Nc2 d5 7. cxd5 cxd5 8. Nc3 Nc6 9. d3 Be7 10. O-O O-O 11. Bg5 Bf5 12. Ne3 Qxb2 13. Nxf5 Qxc3 14. Rc1 Qe5 15. Nxe7+ Qxe7 16. dxe4 dxe4 17. Qb3 Rfe8 18. Rfd1 h6 19. Bxf6 Qxf6 20. Qxb7 Nd4 21. Rd2 Rad8 22. Qb2 Qg5 23. e3 Nf3+ 24. Bxf3 exf3 25. Rcd1 Rxd2 26. Qxd2 Qg4 27. Qd7 Re6 28. Qc8+ Kh7 29. Qc2+ Rg6 30. Qd3 h5 31. Qf1 Rb6 32. Rd4 Qg5 33. h3 Qe5 34. Kh2 Rb2 35. Rf4 g5 36. Rxf3 Kg6 37. Qd1 h4 38. Kg2 hxg3 39. Rxg3 f5 40. Qf3 Qe4 41. Qxe4 fxe4 42. Rg4 Rxa2 43. Rxe4 Ra6 44. Rc4 Rc6 45. Rxc6+ Kf5 46. Ra6 Ke5 47. Rxa7 Kf6 48. Ra5 Kg6 49. Kg3 Kh5 50. Rb5 Kg6 51. Kg4 Kf6 52. Rxg5 Ke6 53. h4 Kd6 54. h5 Kc6 55. h6 Kd7 56. h7 Kc7 57. h8=Q 1-0


[Site "https://www.chess.com"]

[Event "Early Titled Tuesday Blitz | February 8 2022"]
[White "Kucuksari, Kaan"]
[Black "Hua, Lefong"]
[WhiteFideId "6380166"]
[BlackFideId "2602253"]
[WhiteElo "2305"]
[BlackElo "2565"]
[Result "1-0"]
[Round "09"]
[TimeControl "180+1"]
[Date "2022.02.08"]
[WhiteClock "0:01:55"]
[BlackClock "0:00:50"]

1. d4 Nf6 2. c4 g6 3. g3 Bg7 4. Bg2 O-O 5. Nf3 d6 6. O-O Nc6 7. Nc3 a6 8. b3 Rb8 9. Bg5 b5 10. cxb5 axb5 11. Rc1 b4 12. Bxf6 exf6 13. Nd5 Bd7 14. Ne1 f5 15. e3 Ra8 16. Nd3 Rxa2 17. N3xb4 Nxb4 18. Nxb4 Ra3 19. Nc6 Bxc6 20. Rxc6 Qb8 21. Bd5 Qb5 22. Qf3 Ra7 23. Rfc1 Qa5 24. Kg2 Rb8 25. h4 h5 26. e4 Rb5 27. Bc4 fxe4 28. Qxf7+ Kh7 29. Qg8+ Kh6 30. Bxb5 Qxb5 31. Rxc7 Rxc7 32. Rxc7 1-0


[Site "https://www.chess.com"]

[Event "Early Titled Tuesday Blitz | February 8 2022"]
[White "Lagunov, Evgenij"]
[Black "Aaditya Dhingra"]
[WhiteFideId "4125363"]
[BlackFideId "25678191"]
[WhiteElo "2200"]
[BlackElo "1789"]
[Result "1-0"]
[Round "09"]
[TimeControl "180+1"]
[Date "2022.02.08"]
[WhiteClock "0:00:33"]
[BlackClock "0:00:04"]

1. e4 e5 2. Nf3 Nc6 3. Bb5 Nge7 4. d4 exd4 5. Nxd4 g6 6. Nc3 Bg7 7. Be3 a6 8. Bc4 b5 9. Bb3 O-O 10. Qd2 Bb7 11. h4 b4 12. Nd5 Nxd4 13. Bxd4 Nxd5 14. Bxg7 Kxg7 15. Bxd5 Bxd5 16. Qxd5 Qf6 17. O-O-O d6 18. h5 Rab8 19. f3 Rb5 20. h6+ Kg8 21. Qd3 Rfb8 22. Kb1 a5 23. g3 b3 24. cxb3 a4 25. f4 axb3 26. a3 Ra5 27. Rc1 c5 28. Rcd1 Qe7 29. Rhe1 Rd8 30. Qc4 Raa8 31. Qxb3 Rab8 32. Qc3 Qf8 33. Rh1 d5 34. exd5 c4 35. d6 Rb4 36. Qxb4 1-0


[Site "https://www.chess.com"]

[Event "Early Titled Tuesday Blitz | February 8 2022"]
[White "Lakshmi C"]
[Black "Bifulco, Michel"]
[WhiteFideId "25035347"]
[BlackFideId "828580"]
[WhiteElo "1775"]
[BlackElo "2165"]
[Result "1-0"]
[Round "09"]
[TimeControl "180+1"]
[Date "2022.02.08"]
[WhiteClock "0:00:06"]
[BlackClock "0:00:08"]

1. e4 e5 2. Nf3 Nc6 3. Bb5 g6 4. c3 Bg7 5. d4 exd4 6. cxd4 a6 7. Ba4 Nge7 8. O-O O-O 9. Bg5 b5 10. Bb3 Na5 11. Bc2 h6 12. Bf4 d5 13. e5 Bf5 14. Nbd2 Nc4 15. Bxf5 Nxf5 16. Qc2 c5 17. dxc5 Qe7 18. b4 Nxe5 19. Nxe5 Bxe5 20. Rae1 f6 21. Nf3 Kh7 22. Bxe5 fxe5 23. Rxe5 Qf7 24. Qd3 Rad8 25. Rfe1 d4 26. a3 Rfe8 27. h3 Rxe5 28. Nxe5 Qd5 29. Nf3 Rd7 30. g4 Ne7 31. Ne5 Rc7 32. h4 Qd6 33. h5 Qe6 34. Re4 Nc6 35. Nxg6 Qc4 36. Qd2 Rf7 37. Rf4 Rg7 38. Nf8+ Kg8 39. Ng6 Kh7 40. Rf8 Rg8 41. Rf6 Ne7 42. Nf8+ Rxf8 43. Qxh6+ Kg8 44. Rxf8# 1-0


[Site "https://www.chess.com"]

[Event "Early Titled Tuesday Blitz | February 8 2022"]
[White "Lashkin, Jegor"]
[Black "Szpar, Milosz"]
[WhiteFideId "13907808"]
[BlackFideId "1184989"]
[WhiteElo "2344"]
[BlackElo "2447"]
[Result "0-1"]
[Round "09"]
[TimeControl "180+1"]
[Date "2022.02.08"]
[WhiteClock "0:00:02"]
[BlackClock "0:00:37"]

1. d4 d5 2. c4 dxc4 3. Nf3 Nf6 4. e3 Bg4 5. Bxc4 e6 6. h3 Bh5 7. O-O c6 8. Nc3 Nbd7 9. e4 Be7 10. Be3 O-O 11. Be2 Qc7 12. Rc1 Rad8 13. Qc2 Qb8 14. Rfd1 Rfe8 15. a3 h6 16. b4 Bg6 17. Bd3 a6 18. Qb3 Bf8 19. Bb1 Bh7 20. a4 b5 21. a5 Qb7 22. e5 Bxb1 23. exf6 Bh7 24. fxg7 Bxg7 25. Qb2 e5 26. d5 cxd5 27. Rxd5 Be4 28. Rdd1 Bxf3 29. gxf3 Qxf3 30. Qe2 Qxh3 31. Ne4 Nf6 32. Nxf6+ Bxf6 33. Qf1 Qf5 34. Kh1 Kh7 35. Qg2 Rg8 36. Qc6 Qh3# 0-1


[Site "https://www.chess.com"]

[Event "Early Titled Tuesday Blitz | February 8 2022"]
[White "Lauridsen, Jesper Morch"]
[Black "Pavlidou, Ekaterini"]
[WhiteFideId "1401890"]
[BlackFideId "4213262"]
[WhiteElo "2237"]
[BlackElo "2127"]
[Result "0-1"]
[Round "09"]
[TimeControl "180+1"]
[Date "2022.02.08"]
[WhiteClock "0:00:23"]
[BlackClock "0:02:15"]

1. e4 c5 2. Nf3 Nc6 3. d4 cxd4 4. Nxd4 Nf6 5. Nc3 e6 6. Ndb5 Bc5 7. Bf4 O-O 8. Bc7 Qe7 9. Bd6 Bxd6 10. Qxd6 Qd8 11. Nc7 Rb8 12. h3 b5 13. Bxb5 Rb7 14. Bxc6 dxc6 15. Qxd8 Rxd8 16. Na6 Rxb2 17. Nc5 Rxc2 18. N5a4 Ba6 19. Rb1 Nxe4 20. Rb3 Rc1+ 21. Nd1 Rcxd1# 0-1


[Site "https://www.chess.com"]

[Event "Early Titled Tuesday Blitz | February 8 2022"]
[White "Lazavik, Denis"]
[Black "Sharavdorj, Dashzegve"]
[WhiteFideId "13515110"]
[BlackFideId "4900340"]
[WhiteElo "2436"]
[BlackElo "2366"]
[Result "1-0"]
[Round "09"]
[TimeControl "180+1"]
[Date "2022.02.08"]
[WhiteClock "0:00:14"]
[BlackClock "0:00:48"]

1. d4 Nf6 2. c4 g6 3. g3 Bg7 4. Bg2 O-O 5. Nc3 d6 6. Nf3 c6 7. O-O Qa5 8. e4 Bg4 9. h3 Bxf3 10. Qxf3 Nfd7 11. Rd1 Qb4 12. b3 e5 13. d5 c5 14. a3 Qb6 15. Rb1 Na6 16. Be3 Qd8 17. b4 f5 18. Nb5 f4 19. Bd2 fxg3 20. Qxg3 Nf6 21. Bf3 b6 22. h4 Nc7 23. bxc5 Nxb5 24. Rxb5 dxc5 25. Kg2 Ne8 26. Rbb1 Nd6 27. Rbc1 Qf6 28. h5 Qf7 29. Rh1 Rab8 30. hxg6 Qxg6 31. Qxg6 hxg6 32. Bg4 Rf6 33. Bg5 Nxe4 34. Bxf6 Bxf6 35. Rh2 Ng5 36. d6 Rd8 37. d7 e4 38. Rh6 Kg7 39. Rch1 Kf7 40. Rd1 Bg7 41. Rh3 Bd4 42. a4 Kf6 43. Rb1 Ke5 44. a5 bxa5 45. Rb7 Kf4 46. Rg3 Nf7 47. Rxa7 Ne5 48. Bh3 g5 49. Be6 g4 50. Rc7 a4 51. Rc8 Rxd7 52. Rf8+ Kg5 53. Rf5+ Kg6 54. Bxd7 Nxd7 55. Rd5 Nf6 56. Rd6 Kf5 57. Ra6 Be5 58. Ra3 Nh5 59. R3xa4 Nf4+ 60. Kf1 e3 61. fxe3 Nd3 62. Ra8 g3 63. Rg8 Ke4 64. Ke2 Nc1+ 65. Kd2 Nb3+ 66. Kc2 Na1+ 67. Rxa1 Bxa1 68. Rxg3 Be5 69. Rg5 Bd6 70. Kd2 Bf8 71. Ke2 Bh6 72. Rg4+ Kf5 73. Kf3 Bxe3 74. Kxe3 Kxg4 75. Ke4 Kg5 76. Kd5 Kf6 77. Kxc5 Ke7 78. Kb6 Kd8 79. Kb7 Kd7 80. c5 Ke6 81. c6 Kd6 82. c7 1-0


[Site "https://www.chess.com"]

[Event "Early Titled Tuesday Blitz | February 8 2022"]
[White "Le Ruyet, Leopold"]
[Black "Baches Garcia, Guillermo"]
[WhiteFideId "645923"]
[BlackFideId "2209764"]
[WhiteElo "2276"]
[BlackElo "2456"]
[Result "1-0"]
[Round "09"]
[TimeControl "180+1"]
[Date "2022.02.08"]
[WhiteClock "0:00:50"]
[BlackClock "0:00:06"]

1. d4 Nf6 2. c4 e6 3. Nc3 d5 4. cxd5 Nxd5 5. Nf3 c5 6. e3 cxd4 7. exd4 Nxc3 8. bxc3 Qc7 9. c4 Bb4+ 10. Bd2 Bxd2+ 11. Qxd2 O-O 12. Bd3 b6 13. O-O Bb7 14. Qe3 Bxf3 15. Qxf3 Nc6 16. Rad1 Rad8 17. Bb1 Nxd4 18. Qe4 f5 19. Qe3 Qxc4 20. Kh1 Qd5 21. Rfe1 Rfe8 22. Qg5 g6 23. h4 e5 24. Bxf5 Qxa2 25. Rxe5 Qxf2 26. Bxg6 Rxe5 27. Qxd8+ Kg7 28. Qc7+ Kf6 29. Qf7# 1-0


[Site "https://www.chess.com"]

[Event "Early Titled Tuesday Blitz | February 8 2022"]
[White "Lodici, Lorenzo"]
[Black "Al-Tarboush, Ward"]
[WhiteFideId "884189"]
[BlackFideId "7601450"]
[WhiteElo "2265"]
[BlackElo "2276"]
[Result "1-0"]
[Round "09"]
[TimeControl "180+1"]
[Date "2022.02.08"]
[WhiteClock "0:00:31"]
[BlackClock "0:00:44"]

1. e4 e6 2. d4 d5 3. Nc3 Nf6 4. e5 Nfd7 5. f4 c5 6. Nf3 Nc6 7. Be3 a6 8. Qd2 b5 9. Nd1 cxd4 10. Nxd4 Nxd4 11. Bxd4 Bc5 12. c3 Bb7 13. Nf2 Qe7 14. Nd3 Ba7 15. Qe3 Bxd4 16. cxd4 O-O 17. Be2 Nb6 18. Nc5 Nc4 19. Qc3 Rac8 20. b3 Nb6 21. Qe3 Rc7 22. O-O Nd7 23. Nd3 Rfc8 24. f5 exf5 25. Rxf5 Nf8 26. Raf1 Qa3 27. Nc5 Ne6 28. Nxe6 fxe6 29. Rg5 Qe7 30. Bg4 Bc6 31. h4 h6 32. Rg6 Kh7 33. Rxe6 Qxh4 34. Bf5+ Kh8 35. Rg6 Rf8 36. e6 Re7 37. Qe5 Be8 38. Rg4 Qf6 39. Qxd5 h5 40. Rg3 h4 41. Rg4 Bh5 42. Rgf4 Qg5 43. Qe4 g6 44. Bh3 Rxf4 45. Rxf4 Rc7 46. Qe3 Kg7 47. Rf7+ Kh6 48. Qxg5+ Kxg5 49. Rxc7 1-0


[Site "https://www.chess.com"]

[Event "Early Titled Tuesday Blitz | February 8 2022"]
[White "Lopez Mulet, Inigo"]
[Black "Gelman, Alexander"]
[WhiteFideId "22235620"]
[BlackFideId "4118316"]
[WhiteElo "2315"]
[BlackElo "2375"]
[Result "0-1"]
[Round "09"]
[TimeControl "180+1"]
[Date "2022.02.08"]
[WhiteClock "0:00:09"]
[BlackClock "0:00:03"]

1. Nf3 c5 2. b3 Nf6 3. Bb2 e6 4. e3 d6 5. Be2 a6 6. a4 b6 7. O-O Bb7 8. d3 Nbd7 9. Nbd2 Rg8 10. e4 g5 11. e5 Nd5 12. Ne4 g4 13. Nfd2 Nxe5 14. Bxe5 dxe5 15. Bxg4 f5 16. Bh5+ Kd7 17. Ng3 Nc3 18. Qe1 Bg7 19. Nc4 e4 20. dxe4 fxe4 21. Qe3 Qc7 22. a5 bxa5 23. Rxa5 Bd4 24. Qh6 Bd5 25. Raa1 Kc6 26. Ne3 Qg7 27. Qxg7 Rxg7 28. Rfe1 a5 29. Nc4 a4 30. Nd2 a3 31. Kf1 a2 32. Ne2 Nxe2 33. Bxe2 Bxa1 34. Rxa1 e3 35. Nf3 exf2 36. Kxf2 c4 37. bxc4 Be4 38. Ke3 Bxc2 39. Nd4+ Kc5 40. Nxc2 Rxg2 41. Kf3 Rxh2 42. Ke3 Ra4 43. Bd3 h5 44. Be2 h4 45. Kd3 h3 46. Ne3 Rf2 47. Ng4 Rg2 48. Ne3 Rg3 49. Kd2 h2 50. Rh1 a1=Q 51. Rxh2 Ra2+ 52. Nc2 Rxc2+ 53. Kxc2 Rc3+ 54. Kd2 Qc1# 0-1


[Site "https://www.chess.com"]

[Event "Early Titled Tuesday Blitz | February 8 2022"]
[White "Loy, Konstantin"]
[Black "Karavaeva, Olga"]
[WhiteFideId "14122499"]
[BlackFideId "4124111"]
[WhiteElo "2084"]
[BlackElo "2105"]
[Result "1-0"]
[Round "09"]
[TimeControl "180+1"]
[Date "2022.02.08"]
[WhiteClock "0:00:05"]
[BlackClock "0:00:03"]

1. e4 c5 2. Nf3 e6 3. d3 Nf6 4. g3 Be7 5. Bg2 O-O 6. O-O b6 7. Re1 Bb7 8. c3 Nc6 9. d4 d6 10. d5 exd5 11. exd5 Nb8 12. c4 Nbd7 13. Nc3 h6 14. h4 Re8 15. Bf4 Bf8 16. Qd2 a6 17. a4 Rxe1+ 18. Rxe1 Rb8 19. Bh3 Nh5 20. Be3 Nhf6 21. Kg2 Nh7 22. Bf4 Ndf6 23. Qd3 Bc8 24. Bxc8 Rxc8 25. Nd2 Qd7 26. Nde4 Re8 27. Nxf6+ Nxf6 28. Rxe8 Qxe8 29. Qe2 Qxe2 30. Nxe2 Ne4 31. b3 g5 32. hxg5 hxg5 33. Be3 g4 34. f3 gxf3+ 35. Kxf3 Nf6 36. Bg5 Nd7 37. Bd8 f6 38. Ke4 Kf7 39. Kf5 Bh6 40. Nf4 Bxf4 41. gxf4 Nf8 42. Bxb6 Ng6 43. Bc7 Ne7+ 44. Kg4 Nc8 45. f5 Ke7 46. Kh5 Kd7 47. Ba5 Ne7 48. Kg4 Ng8 49. Bc3 Ke7 50. b4 cxb4 51. Bxb4 Nh6+ 52. Kf4 Nf7 53. Bc3 Nd8 54. Kg4 Nb7 55. Bd4 Na5 56. c5 dxc5 57. Bxc5+ Kd7 58. Kh5 Nb3 59. Be3 Na1 60. Kg6 Nc2 61. Bf2 Nb4 62. Kxf6 Nxd5+ 63. Kg7 Nc3 64. f6 1-0


[Site "https://www.chess.com"]

[Event "Early Titled Tuesday Blitz | February 8 2022"]
[White "Lucas, Arthur"]
[Black "Saravana, Krishnan P."]
[WhiteFideId "26093073"]
[BlackFideId "5018382"]
[WhiteElo "2129"]
[BlackElo "2210"]
[Result "0-1"]
[Round "09"]
[TimeControl "180+1"]
[Date "2022.02.08"]
[WhiteClock "0:00:04"]
[BlackClock "0:00:47"]

1. e4 e5 2. Nf3 Nc6 3. d4 exd4 4. Nxd4 Nf6 5. Nxc6 bxc6 6. e5 Qe7 7. Qe2 Nd5 8. h4 Nb6 9. Nc3 d5 10. exd6 Qxe2+ 11. Bxe2 cxd6 12. a4 Bf5 13. a5 Nd7 14. Be3 Bxc2 15. Ba6 c5 16. Bb7 Rb8 17. a6 Be7 18. Nb5 O-O 19. Nxa7 Ne5 20. O-O Bd3 21. Rfd1 Bxa6 22. Bxa6 Rxb2 23. Bf4 Bxh4 24. g3 Bf6 25. Kg2 Ng4 26. Kf3 h5 27. Be2 Bd4 28. Be3 Ne5+ 29. Kg2 Rxe2 30. Bxd4 cxd4 31. Rxd4 Ng4 32. Rf4 Ra8 33. Raa4 g6 34. Kf3 Rxf2+ 35. Ke4 Rxf4+ 36. gxf4 Kg7 37. Kd5 h4 38. Kxd6 h3 39. Ke7 h2 40. Ra1 Rxa7+ 41. Rxa7 h1=Q 42. Ke8 Qe4+ 43. Re7 Nf6+ 0-1


[Site "https://www.chess.com"]

[Event "Early Titled Tuesday Blitz | February 8 2022"]
[White "Madaminov, Mukhiddin"]
[Black "Di Nicolantonio, Lucas"]
[WhiteFideId "14210703"]
[BlackFideId "680460"]
[WhiteElo "1916"]
[BlackElo "2381"]
[Result "1-0"]
[Round "09"]
[TimeControl "180+1"]
[Date "2022.02.08"]
[WhiteClock "0:02:00"]
[BlackClock "0:00:11"]

1. d4 Nf6 2. Nc3 d5 3. Bf4 c5 4. e3 cxd4 5. exd4 a6 6. Nf3 Bg4 7. h3 Bh5 8. g4 Bg6 9. Ne5 Qb6 10. Na4 Qa5+ 11. c3 Nfd7 12. b4 Qd8 13. Nc5 Nxe5 14. dxe5 e6 15. Qa4+ Nd7 16. Be3 b5 17. Qd1 Bxc5 18. bxc5 Nxe5 19. Bd4 f6 20. f4 Nc6 21. Qe2 O-O 22. Qxe6+ Kh8 23. Qxc6 Re8+ 24. Kf2 Be4 25. Rg1 f5 26. g5 Rc8 27. Qh6 Qd7 28. g6 1-0


[Site "https://www.chess.com"]

[Event "Early Titled Tuesday Blitz | February 8 2022"]
[White "Manukian, Artak"]
[Black "Kostina, Nadezhda"]
[WhiteFideId "13301373"]
[BlackFideId "4195876"]
[WhiteElo "2395"]
[BlackElo "2001"]
[Result "1-0"]
[Round "09"]
[TimeControl "180+1"]
[Date "2022.02.08"]
[WhiteClock "0:00:25"]
[BlackClock "0:00:16"]

1. e4 c5 2. Nf3 Nc6 3. c4 g6 4. d4 cxd4 5. Nxd4 Bg7 6. Be3 Qb6 7. Nf5 Qxb2 8. Nxg7+ Qxg7 9. Nd2 Qc3 10. Rc1 Qa3 11. Be2 Nf6 12. O-O O-O 13. c5 Qxa2 14. Ra1 Qe6 15. Bc4 Qg4 16. f3 Qh4 17. g3 Qh3 18. Re1 d6 19. cxd6 exd6 20. Bf1 Qh5 21. g4 Qh4 22. Bf2 Qg5 23. h4 Qe5 24. Nc4 Qe7 25. Qxd6 Qxd6 26. Nxd6 Ne5 27. Kg2 Rd8 28. Red1 Nxf3 29. Nxc8 Rdxc8 30. Kxf3 h5 31. gxh5 gxh5 32. Rxa7 Rxa7 33. Bxa7 Ng4 34. Bd4 Rc2 35. Bd3 Rh2 36. Kg3 Ra2 37. e5 Ra3 38. Kf4 Kf8 39. Bc5+ Kg7 40. Bxa3 1-0


[Site "https://www.chess.com"]

[Event "Early Titled Tuesday Blitz | February 8 2022"]
[White "Martirosyan, Haik M."]
[Black "Papasimakopoulos, Alexandros"]
[WhiteFideId "13306553"]
[BlackFideId "4244125"]
[WhiteElo "2735"]
[BlackElo "2340"]
[Result "1-0"]
[Round "09"]
[TimeControl "180+1"]
[Date "2022.02.08"]
[WhiteClock "0:00:14"]
[BlackClock "0:00:05"]

1. c4 c5 2. Nc3 Nc6 3. g3 Nf6 4. Bg2 e6 5. Nf3 d5 6. cxd5 Nxd5 7. O-O Nxc3 8. bxc3 Be7 9. d4 O-O 10. Rb1 Qa5 11. Qb3 Rd8 12. Rd1 Bf6 13. e3 Qc7 14. Ba3 Na5 15. Qb5 cxd4 16. cxd4 Bd7 17. Qe2 Qc4 18. Qe1 Qa4 19. Qb4 Nc4 20. Rd3 Nxa3 21. Qxa3 Qxa3 22. Rxa3 Bc6 23. Ne1 Be7 24. Rc3 Bxg2 25. Kxg2 b6 26. Rbc1 Bb4 27. Rc7 Bd6 28. R7c6 Kf8 29. Nf3 Ke7 30. Ng5 h6 31. Ne4 Rd7 32. a4 Rb8 33. f4 a6 34. Rb1 Bc7 35. g4 Rb7 36. Kf3 Rb8 37. h4 Kd8 38. h5 Kc8 39. g5 Kb7 40. Rc2 Ka7 41. g6 f5 42. Nf2 Rb7 43. Nd3 Bd6 44. Rc6 b5 45. axb5 axb5 46. Ra1+ Kb8 47. Raa6 Be7 48. Rxe6 b4 49. Ne5 Rdc7 50. Nc6+ Kc8 51. d5 b3 52. Ra8+ Kd7 53. Rxe7+ Kd6 54. Rd8+ Kc5 55. Rxc7 Rxc7 56. Rb8 Kxd5 57. Nd4 Rc1 58. Rxb3 Rh1 59. Rb5+ Kc4 60. Rxf5 Kd3 61. Re5 Rf1+ 62. Kg2 Ra1 63. f5 Ra2+ 64. Kf3 Ra1 65. Re7 Rf1+ 66. Kg2 1-0


[Site "https://www.chess.com"]

[Event "Early Titled Tuesday Blitz | February 8 2022"]
[White "Mayaud, Raphael"]
[Black "Farmani Anosheh, Armin"]
[WhiteFideId "627151"]
[BlackFideId "24613240"]
[WhiteElo "2191"]
[BlackElo "2289"]
[Result "1/2-1/2"]
[Round "09"]
[TimeControl "180+1"]
[Date "2022.02.08"]
[WhiteClock "0:00:22"]
[BlackClock "0:01:48"]

1. d4 d5 2. c4 c6 3. Nf3 Nf6 4. Nc3 e6 5. Bg5 dxc4 6. e4 b5 7. e5 h6 8. Bh4 g5 9. exf6 gxh4 10. Ne5 Qxf6 11. a4 Bb4 12. Be2 Bb7 13. Bf3 a6 14. axb5 axb5 15. Rxa8 Bxa8 16. Qa1 O-O 17. Qxa8 Nd7 18. Nxd7 Qxd4 19. Nxf8 Bxc3+ 20. bxc3 Qxc3+ 21. Kd1 Qd3+ 22. Ke1 Qc3+ 23. Kd1 Qd3+ 24. Ke1 Qc3+ 25. Kd1 1/2-1/2


[Site "https://www.chess.com"]